 Dungeon Crawl Stone Soup version 0.30-a0-279-g4b46babb21 (webtiles) character file.

Game seed: 5111865722223366726

14 lunkers the Conjurer (level 2, -2/23 HPs)
             Began as a Meteoran Wanderer on Oct 17, 2022.
             Slain by a hobgoblin (7 damage)
             ... led by Robin
             ... on level 1 of the Dungeon.
             The game lasted 00:01:34 (498 turns).

lunkers the Conjurer (Meteoran Wanderer)             Turns: 498, Time: 00:01:35

Health: -2/23      AC:  2    Str: 10    XL:     2   Next: 82%
Magic:  2/5        EV: 10    Int: 14    God:
Gold:   63         SH:  4    Dex: 15    Spells: 2/3 levels left

rFire   . . .      SeeInvis .    a - +0 dagger
rCold   . . .      Faith    .    b - +0 buckler
rNeg    . . .      Spirit   .    d - +0 robe
rPois   .          Reflect  .    (no helmet)
rElec   .          Harm     .    (no cloak)
rCorr   .          Rampage  .    (no gloves)
Will    .....                    (no boots)
Stlth   +.........               (no amulet)
HPRegen 0.23/turn                (no ring)
MPRegen 0.09/turn                (no ring)

@: very slightly contaminated, glowing
A: sense surroundings 1, otherworldly, glowing, explore regen
a: no special abilities


You were on level 1 of the Dungeon.
You visited 1 branch of the dungeon, and saw 2 of its levels.

You collected 63 gold pieces.

Inventory:

Hand Weapons
 a - a +0 dagger (weapon)
Armour
 b - a +0 buckler (worn)
 d - a +0 robe (worn)
Scrolls
 c - a scroll of butterflies
 e - a scroll of vulnerability
 h - a scroll of identify {unknown}
 i - a scroll of amnesia {unknown}
 j - a scroll of fear {unknown}
Potions
 f - a potion of flight {unknown}
 g - a potion of haste {unknown}


   Skills:
 - Level 1.1 Fighting
 - Level 1.2 Armour
 - Level 1.2 Shields
 * Level 2.8 Unarmed Combat
 - Level 1.4 Spellcasting
 - Level 4.8 Conjurations
 - Level 1.2 Invocations


You had 2 spell levels left.
You knew the following spells:

 Your Spells              Type           Power      Damage    Failure   Level
p - Foxfire               Conj/Fire      28%        2x1d5     12%         1

Your spell library contained the following spells:

 Spells                   Type           Power      Damage    Failure   Level
 Shock                    Conj/Air       28%        1d4       12%         1
 Blink                    Tloc           2%         N/A       45%         2
 Mephitic Cloud           Conj/Pois/Air  5%         N/A       45%         3
 Manifold Assault         Tloc           1%         N/A       97%         4
 Storm Form               Tmut/Air       0%         N/A       100%        7


Dungeon Overview and Level Annotations

Branches:
Dungeon (2/15) Zot: 697

Altars:

Annotations:
D:2 Robin


Innate Abilities, Weirdness & Mutations

You passively map a small area around you.
You are easily found by Zot.
You glow in the dark.
You regain HP and MP as you explore.


Message History

a +0 club; a goblin corpse
There is a stone staircase leading down here.
You climb downwards.
Level annotation: Robin The goblin shouts!
The hobgoblin misses you. The hobgoblin hits you.
Robin roars a battlecry!
The goblins go into a battle-frenzy!
You hear a shout!
There is a stone staircase leading up here.
Casting: Foxfire (safe; 12% risk of failure)
Press: ? - help, Q - select action Dir - look around, f - activate You conjure some foxfire!
The hobgoblin closely misses you.
The foxfire hits Robin.
Robin is lightly wounded.
The hobgoblin hits you!
You climb upwards.
There is a stone staircase leading down here.
You hit the hobgoblin.
The hobgoblin is heavily wounded.
The hobgoblin hits you.
You barely miss the hobgoblin.
The hobgoblin is heavily wounded.
The hobgoblin hits you.
* * * LOW HITPOINT WARNING * * *
Casting: Foxfire (safe; 12% risk of failure)
Press: ? - help, Q - select action Dir - look around, f - activate You miscast Foxfire.
You are very lightly contaminated with residual magic.
Nothing appears to happen.
The hobgoblin hits you!
* * * LOW HITPOINT WARNING * * *
Things that are here:
a +0 club; a goblin corpse
Casting: Foxfire (safe; 12% risk of failure)
Press: ? - help, Q - select action Dir - look around, f - activate You conjure some foxfire!
The hobgoblin hits you!
You die...

########## ###.........
############# #.....#####.
#...........###.....# #.
#.#.8.....8.#.......#####.
#.#.........#.#.....#.....
#.#.........#.#........###
#.#.....v......##.........
#.#....)g@......#.##...###
#.#....)).v.....#.###.## #
#.#)8.....8.....#.# #.# #
########.............#.#.###.####
............###÷.÷####.#....#....
###########.###...###........####
# #.#................(... #
###.................#####
#########.........[............,.


You could see a hobgoblin (strong, ally target).

Vanquished Creatures
  A dart slug (D:1)
  3 ball pythons (D:1)
  4 goblins (D:1)
  2 frilled lizards (D:1)
  A kobold (D:1)
  3 rats (D:1)
14 creatures vanquished.

Vanquished Creatures (others)
  28 foxfires
28 creatures vanquished.

Grand Total: 42 creatures vanquished

Notes
Turn   | Place    | Note
-------+----------+-------------------------------------------
     0 | D:1      | lunkers the Meteoran Wanderer began the quest for the Orb.
     0 | D:1      | lunkers set off with the following items: a +0 dagger, a +0
                  | buckler, a scroll of butterflies, a +0 robe, a scroll of
                  | vulnerability; and the following spells available to
                  | memorise: Foxfire, Shock, Mephitic Cloud.
     0 | D:1      | Reached XP level 1. HP: 16/16 MP: 3/3
     2 | D:1      | Learned a level 1 spell: Foxfire
   134 | D:1      | Reached XP level 2. HP: 23/23 MP: 1/5
   376 | D:2      | Noticed Robin
   498 | D:1      | Slain by a hobgoblin

Illustrated notes

Levels and vault maps discovered:
D:1:      heliophobic_arrival_dark_side_of_the_moon, layout_loops_ring,
          st_stairs_1
D:2:      layout_rooms, uniq_robin

Skill      XL: |  1  2 |
---------------+-------+-----
Unarmed Combat | 2 |  2.8
Fighting       | |  1.1
Armour         | |  1.2
Shields        | |  1.2
Spellcasting   | |  1.4
Conjurations   | |  4.8
Invocations    | |  1.2

Action                   || total
-------------------------++-------
Melee: Dagger            ||    18
 Cast: Foxfire           ||    19
Armor: Robe              ||     4
Dodge: Dodged            ||    10
Block: Buckler           ||     3

Table legend: (Time is in decaauts)
 A = Elapsed time spent in this place.
 B = Non-inter-level travel time spent in this place.
 C = Inter-level travel time spent in this place.
 D = Time resting spent in this place.
 E = Time spent auto-exploring this place.
 F = Levels seen in this place.
 G = Mean time per level.
                   A        B        C        D        E       F      G
               +--------+--------+--------+--------+--------+-----+--------+
         Total |    501 |    398 |    103 |      0 |    298 |   2 |  250.5 |
       Dungeon |    501 |    398 |    103 |      0 |    298 |   2 |  250.5 |
               +--------+--------+--------+--------+--------+-----+--------+

Top non-repeatable levels by time:
     D:1: 493 daAuts
     D:2: 7 daAuts
